 Dungeon Crawl Stone Soup version 0.25.0-8-gfd19cd77bd (console) character file.

Game seed: 16819191207674142318

19 Garrluk the Shield-Bearer (level 2, -1/24 HPs)
             Began as a Formicid Fighter on June 16, 2020.
             Killed by nerve-wracking pain
             ... invoked by Jessica
              (2 damage)
             ... on level 2 of the Dungeon.
             The game lasted 00:04:11 (972 turns).

Garrluk the Shield-Bearer (Formicid Fighter)         Turns: 972, Time: 00:04:12

Health: -1/24      AC:  6    Str: 20    XL:     2   Next: 95%
Magic:  2/2        EV:  7    Int:  7    God:
Gold:   114        SH:  9    Dex: 10    Spells: 1/1 levels left

rFire    . . .     SeeInvis +   a - +0 long sword
rCold    . . .     Gourm    .   c - +0 kite shield
rNeg     . . .     Faith    .   b - +0 scale mail
rPois    .         Spirit   .   (helmet unavailable)
rElec    .         Reflect  .   (no cloak)
rCorr    .         Harm     .   (no gloves)
MR       .....                  (no boots)
Stlth    ..........             (no amulet)
HPRegen  0.08/turn              (no ring)
MPRegen  0.08/turn              (no ring)

@: no status effects
A: permanent stasis, dig shafts and tunnels, four strong arms, antennae 3
a: Dig, Shaft Self


You were on level 2 of the Dungeon.
You were hungry.

You visited 1 branch of the dungeon, and saw 2 of its levels.

You collected 114 gold pieces.

Inventory:

Hand Weapons
 a - a +0 long sword (weapon)
Armour
 b - a +0 scale mail (worn)
 c - a +0 kite shield (worn)
Scrolls
 g - a scroll of immolation {unknown}
 i - a scroll of teleportation {unknown}
 j - a scroll of identify {unknown}
 k - a scroll of amnesia {unknown}
 l - a scroll of magic mapping {unknown}
 m - 2 scrolls of remove curse {unknown}
 n - a scroll of enchant armour {unknown}
Potions
 d - 2 potions of might
 e - 4 potions of curing {unknown}
 h - a potion of brilliance {unknown}
Comestibles
 f - 2 rations


   Skills:
 - Level 3.2 Fighting
 * Level 3.2 Long Blades
 - Level 3.2 Armour
 - Level 3.6 Shields


You had one spell level left.
You didn't know any spells.
Your spell library was empty.

Dungeon Overview and Level Annotations

Branches:
Dungeon (2/15)

Altars:
Dithmenos
Vehumet

Annotations:
D:2 Jessica


Innate Abilities, Weirdness & Mutations

You cannot be hasted, slowed, berserked, paralysed or teleported.
You can dig through walls and to a lower floor.
Your four strong arms can wield two-handed weapons with a shield.
You have a pair of large antennae on your head. (SInv)


Message History

You block Jessica's attack. Jessica hits you.
You barely miss Jessica.
Jessica is heavily wounded.
Jessica gestures at you while chanting.
Your stasis prevents you from being slowed.
Jessica hits you.
You closely miss Jessica.
Jessica is heavily wounded.
Jessica hits you but does no damage. x2
You barely miss Jessica.
Jessica is heavily wounded.
Jessica hits you but does no damage. Jessica hits you.
Your shield and scale mail prevent you from hitting Jessica.
Jessica is heavily wounded.
Jessica gestures at you while chanting. Pain shoots through your body!
* * * LOW HITPOINT WARNING * * *
Jessica casts a spell at you. Pain shoots through your body!
You die...

# ##..##.....#.......
.................
........#........
....##########.. #...### #.. .
##..... #+# ..##+#####... #..
#........... #.. ..........# #..
......@...# ## ##.. ...
.......@..+..# .# #... ...
..........##.#..## #... ...
.########....#..#.###... ...
.##..........#..##.##### .#+##
..............##.##.#.... ....#
..............##.##.#+### ....#
.................##...... ....#
#.#........#.....##...... ...<#
#.#..............##......
....#####.#..........#...........
....................###......(...


You could see Jessica (fast).

Vanquished Creatures
  A dart slug (D:1)
  A ball python (D:1)
  2 bats
  A giant cockroach (D:1)
  2 hobgoblins (D:1)
  5 kobolds
  A quokka (D:2)
  3 frilled lizards
  A rat (D:1)
17 creatures vanquished.

Notes
Turn   | Place    | Note
-------+----------+-------------------------------------------
     0 | D:1      | Garrluk the Formicid Fighter began the quest for the Orb.
     0 | D:1      | Reached XP level 1. HP: 18/18 MP: 1/1
   193 | D:1      | Reached XP level 2. HP: 24/24 MP: 2/2
   722 | D:2      | Found a shadowy altar of Dithmenos.
   780 | D:2      | Found a radiant altar of Vehumet.
   959 | D:2      | Noticed Jessica
   972 | D:2      | HP: 1/24 [Jessica/nerve-wracking pain (9)]
   972 | D:2      | Killed from afar by Jessica

Illustrated notes

Levels and vault maps discovered:
D:1:      lemuel_arrival_muddy, layout_loops_cross
D:2:      layout_basic, vehumet_crystals, ashenzari_altar_1,
          nicolae_dithmenos_shadow_blocks, nicolae_ru_the_path_less_chosen,
          serial_glass, glass_columns_a, glass_columns_a, chequers_jeans,
          uniq_jessica

Skill      XL: |  1  2 |
---------------+-------+-----
Long Blades    | 3 |  3.2
Fighting       | |  3.2
Armour         | |  3.2
Shields        | |  3.6

Action                   || total
-------------------------++-------
Melee: Long sword        ||    69
 Abil: Dig               ||    14
  Eat: Chunk             ||     1
Armor: Scale mail        ||    40
Dodge: Dodged            ||    13
Block: Kite shield       ||    35
       Rpst.: Long sword ||     2
